 Dungeon Crawl Stone Soup version 0.24.0-2-g5b39cebb1c (webtiles) character file.

Game seed: 1751552859311522532, levelgen mode: deterministic

19 mopl the Firebug (level 2, 0/17 HPs)
             Began as an Octopode Fire Elementalist on Oct 30, 2019.
             Slain by a gnoll
             ... wielding a +0 spear of venom
              (7 damage)
             ... on level 1 of the Dungeon.
             The game lasted 00:01:15 (605 turns).

mopl the Firebug (Octopode Fire Elementalist)        Turns: 605, Time: 00:01:15

Health: 0/17       AC:  1    Str:  7    XL:     2   Next: 75%
Magic:  5/5        EV: 13    Int: 17    God:
Gold:   23         SH:  0    Dex: 12    Spells: 4/5 levels left

rFire    . . .     SeeInvis .   f - -3 mace (curse)
rCold    . . .     Gourm    .   (no shield)
rNeg     . . .     Faith    .   (helmet restricted)
rPois    .         Spirit   .   (no amulet)
rElec    .         Reflect  .   (no ring)
rCorr    .         Harm     .   (no ring)
MR       .....                  (no ring)
Stlth    +++.......             (no ring)
HPRegen  0.05/turn              (no ring)
MPRegen  0.09/turn              (no ring)
                                (no ring)
                                (no ring)

@: lethally poisoned (0 -> -11)
A: almost no armour, stealthy swim, amphibious, 8 rings, constrict 8, camouflage
1, gelatinous body 1
a: no special abilities


You were on level 1 of the Dungeon.
You were not hungry.

You visited 1 branch of the dungeon, and saw 2 of its levels.

You collected 23 gold pieces.

Inventory:

Hand Weapons
 a - a +0 dagger
 f - a cursed -3 mace (weapon)
Scrolls
 b - a scroll of fog
 d - a scroll of random uselessness {unknown}
 i - a scroll of identify {unknown}
 k - 2 scrolls of amnesia {unknown}
Potions
 e - 2 potions of heal wounds {unknown}
 h - a potion of agility {unknown}
 j - a potion of resistance {unknown}
Comestibles
 c - a ration


   Skills:
 - Level 2.0 Dodging
 - Level 2.6 Stealth
 + Level 2.3 Spellcasting
 + Level 1.6 Conjurations
 + Level 3.3 Fire Magic


You had 4 spell levels left.
You knew the following spells:

 Your Spells              Type           Power        Failure   Level  Hunger
a - Flame Tongue          Conj/Fire      ##...        7%          1    #......

Your spell library contained the following spells:

 Spells                   Type           Power        Failure   Level  Hunger
 Throw Flame              Conj/Fire      ##....       10%         2    ##.....
 Conjure Flame            Conj/Fire      ##......     21%         3    ###....
 Inner Flame              Hex/Fire       #.......     28%         3    ###....
 Sticky Flame             Conj/Fire      ##......     54%         4    #####..
 Fireball                 Conj/Fire      ##........   88%         5    ######.


Dungeon Overview and Level Annotations

Branches:
Dungeon (2/15)

Altars:


Innate Abilities, Weirdness & Mutations

You cannot wear most types of armour.
You are very stealthy in the water. (Stealth+)
You are amphibious.
You can wear up to eight rings at the same time.
You can use your tentacles to constrict eight enemies at once.
Your skin changes colour to match your surroundings (Stealth+).
Your rubbery body absorbs attacks. (AC +1, EV +1)


Message History

There is an open door here.
There is a stone staircase leading down here.
Done exploring.
You see here 8 poisoned darts.
All of the chunks of flesh in your inventory have rotted away.
There is a stone staircase leading down here.
You climb downwards.
A frilled lizard and 4 gnolls come into view.
A gnoll is wielding a +0 spear of venom.
The gnoll shouts! x4
Found 19 gold pieces and a ration.
There is a stone staircase leading up here.
The gnoll hits you with a +0 flail.
The gnoll hits you with a +0 spear of venom.
You are lethally poisoned!
You climb upwards.
You feel sick.
There is a stone staircase leading down here.
You feel sick.
The gnoll hits you from afar with a +0 spear of venom!
You die...

####..........##.....#####.....##
............#..+.................
.###.....##.####.....###.#.######
.##)......#.####.....# #.#.#
.##.#...###.##.......###.#.######
.##.#...# #.##.#.#...#...#.#.#..#
....#...# #....#.#......##.#.#..#
######.#########.#.......#.......
#....^..####@#.......#...#..#
#...(.......>..........#.....
#........(.g.g###....#.#....#
#.............'......#.######
#.....##......##.....#.######
#......#......##.#...#......#
#......#......##.#...##.###..
#.....)####.####.#...##.###..
#......####.# #.####........


You could see 2 gnolls.

Vanquished Creatures
  A dart slug (D:1)
  A leopard gecko (D:1)
  2 goblins (D:1)
  2 hobgoblins (D:1)
  3 kobolds (D:1)
  3 frilled lizards (D:1)
  5 rats (D:1)
17 creatures vanquished.

Notes
Turn   | Place    | Note
-------+----------+-------------------------------------------
     0 | D:1      | mopl the Octopode Fire Elementalist began the quest for the
                  | Orb.
     0 | D:1      | Reached XP level 1. HP: 11/11 MP: 3/3
   115 | D:1      | Reached XP level 2. HP: 8/17 MP: 0/5
   605 | D:1      | Slain by a gnoll

Levels and vault maps discovered:
D:1:      dpeg_arrival_ternary, layout_basic
D:2:      layout_basic, makhleb_heckhound_becter, uniq_jessica

Action                   || total
-------------------------++-------
Melee: Dagger            ||     4
       Mace              ||     8
       Constrict         ||     6
       Tentacles         ||     3
 Cast: Flame Tongue      ||    16
  Use: Scroll            ||     1
 Stab: Sleeping          ||     3
Dodge: Dodged            ||     6
